 Dungeon Crawl Stone Soup version 0.29.1-15-g9cfb28693d (webtiles) character file.

Game seed: 4608045733324913226

14611 Arctor the Covert (level 11, 0/70 HPs)
             Began as a Deep Elf Fire Elementalist on Feb 26, 2023.
             Was a Believer of Vehumet.
             Slain by a wyvern (18 damage)
             ... on level 10 of the Dungeon.
             The game lasted 00:31:03 (14833 turns).

Arctor the Covert (Deep Elf Fire Elementalist)     Turns: 14833, Time: 00:31:03

Health: 0/70       AC:  7    Str: 14      XL:     11   Next: 91%
Magic:  21/27      EV: 18    Int: 31 (33) God:    Vehumet [**....]
Gold:   253        SH:  5    Dex: 19      Spells: 2/26 levels left

rFire   + + .      SeeInvis .   d - +7 dagger "Yskol" {protect, rC- Str+5 Int+4 Stlth+}
rCold   . . .      Faith    .   E - orb {*channel}
rNeg    . . .      Spirit   .   A - +1 robe of Susoph {Harm Slay-6 Archmagi}
rPois   .          Reflect  +   g - +0 helmet
rElec   +          Harm     +   (no cloak)
rCorr   .          Rampage  .   (no gloves)
Will    .....      Archmagi +   p - +2 pair of boots of Beogh's Inspiration {rF++ Will- Int+4 Stlth+}
Stlth   +++++++...              e - amulet "Teocehei" {Reflect Harm rElec Str+4 SH+5}
HPRegen 0.21/turn               r - ring of protection from cold
MPRegen 0.20/turn               w - +6 ring of dexterity

@: hasted, very quick
A: clumsy 1, high MP 1, robust 1, no potion heal 1
a: Renounce Religion


You were on level 10 of the Dungeon.
You worshipped Vehumet.
Vehumet was pleased with you.
You visited 2 branches of the dungeon, and saw 11 of its levels.

You collected 602 gold pieces.
You spent 349 gold pieces at shops.

Inventory:

Hand Weapons
 d - the +7 dagger "Yskol" (weapon) {protect, rC- Str+5 Int+4 Stlth+}
   (You found it on level 4 of the Dungeon)

   It grants its wielder temporary protection when it strikes (+7 to AC).
   Str:       It affects your strength (+5).
   Int:       It affects your intelligence (+4).
   rC:        It makes you vulnerable to cold.
   Stlth:     It makes you more stealthy.
 k - a +1 dagger of electrocution
Missiles
 l - a throwing net
 B - 6 boomerangs
Armour
 a - a +0 robe
 g - a +0 helmet (worn)
 p - the +2 pair of boots of Beogh's Inspiration (worn) {rF++ Will- Int+4 Stlth+}
   (You bought it in a shop on level 3 of the Dungeon)

   Int:       It affects your intelligence (+4).
   rF:        It greatly protects you from fire.
   Will:      It decreases your willpower.
   Stlth:     It makes you more stealthy.
 A - the +1 robe of Susoph (worn) {Harm Slay-6 Archmagi}
   (You bought it in a shop on level 2 of the Dungeon)

   Slay:      It affects your accuracy & damage with ranged weapons and melee
   (-6).
   Harm:      It increases damage dealt and taken.
   Archmagi:  It increases the power of your magical spells.
 E - an orb of energy (worn)
Jewellery
 e - the amulet "Teocehei" (around neck) {Reflect Harm rElec Str+4 SH+5}
   (You took it off an orc on level 8 of the Dungeon)

   [amulet of reflection]

   It reflects blocked missile attacks.
   Str:       It affects your strength (+4).
   rElec:     It insulates you from electricity.
   SH:        It affects your SH (+5).
   Harm:      It increases damage dealt and taken.
 n - a ring of resist corrosion
 r - a ring of protection from cold (left hand)
 v - an amulet of guardian spirit
 w - a +6 ring of dexterity (right hand)
 H - an amulet of reflection
 N - a ring of flight
Wands
 s - a wand of digging (7)
 x - a wand of light (6)
 y - a wand of paralysis (13)
 I - a wand of iceblast (20)
Scrolls
 f - 2 scrolls of immolation
 h - 3 scrolls of poison
 m - a scroll of vulnerability
 o - 2 scrolls of fog
 u - a scroll of amnesia
 z - a scroll of brand weapon {unknown}
 C - 4 scrolls of identify
 F - a scroll of torment {unknown}
 G - 2 scrolls of noise {unknown}
 M - a scroll of teleportation
Potions
 c - 9 potions of attraction
 i - 2 potions of flight
 j - 5 potions of degeneration
 q - a potion of berserk rage
 t - 2 potions of might
 D - a potion of brilliance
 J - a potion of haste
Miscellaneous
 K - a phantom mirror


   Skills:
 + Level 6.1 Fighting
 - Level 5.3 Short Blades
 + Level 9.5 Dodging
 + Level 10.2 Stealth
 - Level 8.3 Spellcasting
 + Level 8.4 Conjurations
 + Level 9.0 Fire Magic
 + Level 5.9 Evocations


You had 2 spell levels left.
You knew the following spells:

 Your Spells              Type           Power      Damage    Failure   Level
a - Foxfire               Conj/Fire      100%       2x1d9     1%          1
b - Scorch                Fire           100%       2d10      1%          2
c - Fireball              Conj/Fire      39%        3d16      3%          5
d - Starburst             Conj/Fire      39%        6d11      17%         6
e - Flame Wave            Conj/Fire      79%        2d17      1%          4
f - Conjure Flame         Conj/Fire      79%        6-21      1%          3
g - Inner Flame           Hex/Fire       57%        N/A       1%          3

Your spell library contained the following spells:

 Spells                   Type           Power      Damage    Failure   Level
 Searing Ray              Conj           100%       2d8       1%          2
 Animate Dead             Necr           19%        N/A       36%         4
 Dispersal                Tloc           9%         N/A       99%         6
 Summon Cactus Giant      Summ           9%         N/A       99%         6
 Ignition                 Fire           40%        3d12      99%         8
 Haunt                    Necr/Summ      9%         N/A       100%        7
 Disjunction              Tloc           9%         N/A       100%        8
 Infestation              Necr           9%         N/A       100%        8


Dungeon Overview and Level Annotations

Branches:
Dungeon (10/15)            Temple (1/1) D:7
   Lair: D:8-11         Orc: D:9-12

Altars:
Ashenzari
Cheibriados
Dithmenos
Elyvilon
Fedhas
Gozag
Hepliaklqana
Kikubaaqudgha
Makhleb
Nemelex Xobeh
Okawaru
Qazlal
Ru
Sif Muna
Trog
Uskayaw
Vehumet
Wu Jian
Xom
Yredelemnul
Zin
The Shining One

Shops:
D:1 ?   D:2 [(   D:3 (!?[   D:6 !

Annotations:
D:8 1 transporter, SirLogeyBear's ghost, novice HOBe
D:9 3 runed translucent doors, TheIncel's ghost, novice TrFi


Innate Abilities, Weirdness & Mutations

You are clumsy. (Dex -2)
You have an increased reservoir of magic. (+10% MP)
You are robust. (+10% HP)
Potions are less effective at restoring your health.


Message History

Confirm with . or Enter, or press ? or * to list all spells.
Okay, then.
Magic courses through your body. The wyvern bites you!
* * * LOW HITPOINT WARNING * * *
The wyvern completely misses you.
Casting: Scorch (safe; 1% risk of failure)
Confirm with . or Enter, or press ? or * to list all spells.
The spell is quite dangerous to miscast (21% risk of failure)!
Continue anyway?
Casting: Starburst (quite dangerous; 21% risk of failure)
Press: ? - help, Dir - look around, f - activate You feel a surge of power!
The bolt of fire misses the wyvern.
The bolt of fire hits the two-headed ogre!!
You kill the two-headed ogre!
Vehumet accepts your kill.
You feel your power returning.
The bolt of fire hits the yak!!
You kill the yak!
Vehumet accepts your kill.
You hear an angry hiss.
The wyvern hisses menacingly.
The wyvern bites you!
* * * LOW HITPOINT WARNING * * *
You feel your intelligence returning.
Your Fire Magic skill increases to level 9!
Casting: Starburst (quite dangerous; 17% risk of failure)
Confirm with . or Enter, or press ? or * to list all spells.
Okay, then.
It was a potion of haste.
You feel yourself speed up. The wyvern misses you.
The wyvern closely misses you.
It was a potion of heal wounds.
Your system partially rejects the healing.
You feel much better.
Casting: Starburst (quite dangerous; 17% risk of failure)
Confirm with . or Enter, or press ? or * to list all spells.
You feel a surge of power!
Flames lash the wyvern.
The wyvern is moderately wounded.
The wyvern's fire resistance burns away.
The wyvern bites you.
* * * LOW HITPOINT WARNING * * *
The wyvern bites you!
You die...

##############
#..†)l@.......
#.###########'
#.# #O# #Y###
#†#.# #)#.#
#)..###
#.....#


You could see a wyvern (combustible).

Vanquished Creatures
  A two-headed ogre (D:10)
  2 centaur warriors (D:8)
  A catoblepas (D:8)
  Pikel (D:4)
  3 cyclopes
  Joseph (D:8)
  A gargoyle (D:8)
  Maggie (D:9)
  Psyche (D:10)
  Grinder (D:5)
  A hornet (D:8)
  2 shadows
  24 yaks
  A wyvern (D:8)
  A steam dragon (D:10)
  3 vampire mosquitoes (D:10)
  Edmund (D:5)
  An acid dragon (D:9)
  3 water moccasins
  3 orc warriors
  4 ice beasts
  A black bear (D:4)
  3 sky beasts (D:8)
  2 ogres
  A phantom (D:4)
  10 centaurs
  A lemure (D:5)
  2 kobold brigands
  4 necrophages
  3 bullfrogs
  3 gnoll sergeants
  A scorpion (D:7)
  6 wights
  5 killer bees
  4 howler monkeys (D:8)
  A gnoll bouda (D:4)
  2 orc priests
  A jelly (D:4)
  A hound (D:6)
  2 iguanas (D:4)
  3 orc wizards
  15 gnolls
  4 adders
  3 shadow imps
  7 white imps
  3 ufetubi (D:5)
  2 worms (D:3)
  A dart slug (D:4)
  21 orcs
  5 ball pythons
  8 endoplasms
  4 giant cockroaches
  6 goblins
  8 hobgoblins
  13 jackals
  14 kobolds
  4 quokkas
  8 bats
  5 frilled lizards
  8 rats
252 creatures vanquished.

Vanquished Creatures (collateral kills)
  3 foxfires
3 creatures vanquished.

Vanquished Creatures (others)
  A demonic plant (D:5)
  843 foxfires
  A plant (D:1)
845 creatures vanquished.

Grand Total: 1100 creatures vanquished

Notes
Turn   | Place    | Note
-------+----------+-------------------------------------------
     0 | D:1      | Arctor the Deep Elf Fire Elementalist began the quest for
                  | the Orb.
     0 | D:1      | Reached XP level 1. HP: 10/10 MP: 6/6
    32 | D:1      | Reached XP level 2. HP: 2/15 MP: 0/8
   819 | D:1      | Found Cutingal's Magic Scroll Shoppe.
   886 | D:1      | Reached skill level 3 in Stealth
   886 | D:1      | Reached XP level 3. HP: 12/19 MP: 5/9
  1321 | D:2      | Found Uqos Hyu's Antique Armour Boutique.
  1454 | D:2      | Found Jerux's Antique Weapon Emporium.
  1652 | D:2      | Learned a level 2 spell: Scorch
  2078 | D:2      | You fall into a shaft and drop 1 floor!
  2240 | D:3      | Found Yhieqof's Antique Weapon Shoppe.
  2304 | D:3      | Found Satayrao's Distillery.
  2506 | D:3      | Reached XP level 4. HP: 24/24 MP: 3/11
  2567 | D:3      | Found Pufaiwk's Magic Scroll Shoppe.
  2607 | D:3      | Found Waenic's Antique Armour Emporium.
  3216 | D:3      | Found a faded altar of an unknown god.
  3716 | D:4      | Identified the +7 dagger "Yskol" {protect, rC- Str+5 Int+4
                  | Stlth+}
  3746 | D:4      | Noticed a black bear
  3754 | D:4      | Killed a black bear
  3755 | D:4      | Reached skill level 1 in Fighting
  3755 | D:4      | Reached XP level 5. HP: 29/29 MP: 3/13
  3888 | D:4      | Reached skill level 1 in Short Blades
  3888 | D:4      | Reached skill level 4 in Stealth
  3888 | D:4      | Reached XP level 6. HP: 34/34 MP: 8/14
  4369 | D:4      | Reached XP level 7. HP: 39/39 MP: 9/16
  4987 | D:5      | Entered Level 5 of the Dungeon
  4992 | D:5      | Reached skill level 5 in Spellcasting
  5208 | D:5      | Noticed Pikel
  5208 | D:5      | Noticed Grinder
  5218 | D:5      | Paralysed by Grinder for 5 turns
  5609 | D:4      | Killed Pikel
  5610 | D:4      | Reached skill level 5 in Dodging
  5610 | D:4      | Reached skill level 5 in Stealth
  5610 | D:4      | Reached skill level 5 in Fire Magic
  5610 | D:4      | Reached XP level 8. HP: 14/45 MP: 1/18
  5862 | D:5      | Paralysed by Grinder for 4 turns
  5866 | D:5      | Killed Grinder
  6202 | D:5      | Learned a level 5 spell: Fireball
  6209 | D:5      | Learned a level 6 spell: Starburst
  6323 | D:5      | Noticed Edmund
  6333 | D:5      | Killed Edmund
  6692 | D:6      | Reached skill level 6 in Stealth
  7289 | D:6      | Reached XP level 9. HP: 51/51 MP: 16/21
  7375 | D:6      | Found Cerghuh's Distillery.
  7840 | D:7      | Reached skill level 5 in Conjurations
  8042 | D:7      | Found a staircase to the Ecumenical Temple.
  8320 | Temple   | Entered the Ecumenical Temple
  8527 | Temple   | Became a worshipper of Vehumet
  8842 | D:7      | Noticed a cyclops
  9006 | D:6      | Gained mutation: You are clumsy. (Dex -2) [potion of
                  | mutation]
  9007 | D:6      | Lost mutation: You are clumsy. (Dex -2) [potion of
                  | mutation]
  9007 | D:6      | Gained mutation: You are clumsy. (Dex -2) [potion of
                  | mutation]
  9007 | D:6      | Gained mutation: Potions are less effective at restoring
                  | your health. [potion of mutation]
  9007 | D:6      | Gained mutation: You have an increased reservoir of magic.
                  | (+10% MP) [potion of mutation]
  9007 | D:6      | Gained mutation: You are robust. (+10% HP) [potion of
                  | mutation]
  9102 | D:3      | Bought a pair of transparent boots for 190 gold pieces
  9102 | D:3      | Identified the +2 pair of boots of Beogh's Inspiration
                  | {rF++ Will- Int+4 Stlth+} (You bought it in a shop on level
                  | 3 of the Dungeon)
  9577 | D:7      | Killed a cyclops
  9578 | D:7      | Reached skill level 7 in Stealth
 10115 | D:2      | Bought a heavily jewelled robe for 159 gold pieces
 10115 | D:2      | Identified the +1 robe of Susoph {Harm Slay-6 Archmagi}
                  | (You bought it in a shop on level 2 of the Dungeon)
 10130 | D:2      | Learned a level 4 spell: Flame Wave
 10134 | D:2      | Learned a level 3 spell: Conjure Flame
 10344 | D:8      | Noticed SirLogeyBear's ghost (novice HOBe)
 10654 | D:8      | Reached skill level 1 in Evocations
 10881 | D:8      | Noticed Joseph
 10886 | D:8      | Killed Joseph
 10887 | D:8      | Reached skill level 5 in Short Blades
 10887 | D:8      | Reached XP level 10. HP: 40/62 MP: 7/26
 11084 | D:8      | Noticed a centaur warrior
 11090 | D:9      | Reached * piety under Vehumet
 11090 | D:9      | Offered knowledge of Magic Dart by Vehumet.
 11288 | D:9      | Learned a level 3 spell: Inner Flame
 11293 | D:9      | Found an ornate altar of the Wu Jian Council.
 11427 | D:9      | Reached skill level 8 in Stealth
 11467 | D:8      | Found a transporter.
 11473 | D:8      | Identified the +9 great mace "Cuapho Daha" {vorpal, rF++}
 11473 | D:8      | Identified the +12 dire flail "Puema" {drain, Fly rElec
                  | rF++ Will-}
 11473 | D:8      | Noticed a two-headed ogre
 11596 | D:8      | Noticed a centaur warrior
 11598 | D:8      | Killed a centaur warrior
 11737 | D:8      | Noticed a cyclops
 11770 | D:8      | Killed a cyclops
 11771 | D:8      | Reached skill level 5 in Fighting
 12003 | D:8      | Killed a centaur warrior
 12004 | D:8      | Reached XP level 11. HP: 63/69 MP: 14/27
 12112 | D:8      | Noticed a catoblepas
 12116 | D:8      | Reached skill level 9 in Stealth
 12355 | D:8      | Identified the amulet "Teocehei" {Reflect Harm rElec Str+4
                  | SH+5}
 12476 | D:8      | Killed a catoblepas
 12616 | D:8      | Reached ** piety under Vehumet
 12851 | D:8      | Found a shimmering blue altar of Sif Muna.
 12999 | D:8      | Found a shadowy altar of Dithmenos.
 13337 | D:9      | Noticed a fire dragon
 13412 | D:9      | Offered knowledge of Freeze by Vehumet.
 13418 | D:9      | Reached skill level 5 in Evocations
 13623 | D:9      | Noticed TheIncel's ghost (novice TrFi)
 13627 | D:9      | Found a runed translucent gate.
 13627 | D:9      | Found a runed translucent gate.
 13635 | D:9      | Found a runed translucent gate.
 13637 | D:9      | Noticed a two-headed ogre
 13796 | D:9      | Found a faded altar of an unknown god.
 13796 | D:9      | Found an iron altar of Okawaru.
 13804 | D:9      | Found a stormy altar of Qazlal.
 13806 | D:9      | Found a faded altar of an unknown god.
 13808 | D:9      | Found a sparkling altar of Nemelex Xobeh.
 13993 | D:9      | Noticed Maggie
 13999 | D:9      | Killed Maggie
 14305 | D:10     | Entered Level 10 of the Dungeon
 14518 | D:10     | Noticed Psyche
 14525 | D:10     | Killed Psyche
 14701 | D:10     | Noticed a two-headed ogre
 14701 | D:10     | Noticed a two-headed ogre
 14708 | D:10     | Reached skill level 10 in Stealth
 14723 | D:10     | Offered knowledge of Searing Ray by Vehumet.
 14805 | D:10     | Noticed a two-headed ogre
 14830 | D:10     | Killed a two-headed ogre
 14833 | D:10     | Slain by a wyvern

Illustrated notes

Levels and vault maps discovered:
D:1:      spicycebolla_arrival_clurvy, layout_rooms, serial_shops,
          nicolae_diamond_shop, kennysheep_nondescript
D:2:      layout_basic, serial_shops, nicolae_square_shop,
          nicolae_shop_statue_plus, minmay_tetromino_i2
D:3:      layout_basic, serial_shops, nicolae_shop_crystal, shop,
          nicolae_shop_waterfront, nicolae_shop_stone,
          ebering_ecumenical_altar_hall, minivault_23
D:4:      layout_rooms
D:5:      nicolae_cairo_tiling_large_dashed, layout_basic, serial_demonic,
          serial_demonic_b, serial_demonic_f, serial_demonic_f,
          serial_demonic_d, uniq_pikel, uniq_grinder, uniq_edmund
D:6:      layout_gridville, serial_shops, shop, st_stairs_12
D:7:      layout_gridville, minmay_temple_entry_tees, minmay_chambers_of_fives
D:8:      nzn_winding_woodlands_stair_cross [nzn_winding_woodlands_5x15_pockets,
          nzn_winding_woodlands_center_lodge,
          nzn_winding_woodlands_5x15_sidewinder,
          nzn_winding_woodlands_5x5_three,
          nzn_winding_woodlands_5x5_checkerboard,
          nzn_winding_woodlands_5x15_default,
          nzn_winding_woodlands_center_pierced_h,
          nzn_winding_woodlands_5x15_twine], layout_loops_ring,
          mainiacjoe_overflow_catwalk, nicolae_sif_muna_little_library,
          gammafunk_ghost_smash, uniq_joseph
D:9:      layout_irregular_city, amcnicky_altar_gilded,
          chequers_temple_overflow_minitemple, gammafunk_ghost_split,
          uniq_maggie
D:10:     layout_basic, orc_0_dummy, grunt_potential, uniq_psyche
Temple:   minmay_temple_bridge_d

Skill      XL: |  1  2  3  4  5  6  7  8  9 10 11 |
---------------+----------------------------------+-----
Stealth        | 3 4 5 6 7 8 10 | 10.2
Dodging        | 3 4 5 7 8 9 |  9.5
Conjurations   | 2 3 4 6 7 8 |  8.4
Fighting       | 1 2 3 4 5 6 |  6.1
Spellcasting   | 4 5 6 8 |  8.3
Fire Magic     | 4 5 6 7 9 |  9.0
Short Blades   | 1 3 5 |  5.3
Evocations     | 1 4 5 |  5.9

Action                   |  1- 3 |  4- 6 |  7- 9 | 10-12 || total
-------------------------+-------+-------+-------+-------++-------
Melee: Unarmed           |    17 |       |       |       ||    17
       Punch             |     1 |       |     1 |       ||     2
       Dagger            |     6 |     3 |    67 |     8 ||    84
 Cast: Foxfire           |   117 |   122 |   212 |    76 ||   527
       Scorch            |       |     9 |    54 |   104 ||   167
       Fireball          |       |       |     3 |    29 ||    32
       Conjure Flame     |       |       |     4 |       ||     4
       Starburst         |       |       |       |     2 ||     2
  Use: Scroll            |     2 |     6 |     7 |     1 ||    16
       Potion            |       |     3 |     4 |     6 ||    13
 Stab: Sleeping          |       |     1 |     3 |       ||     4
Armor: Robe              |     7 |     3 |    20 |    14 ||    44
Dodge: Dodged            |    44 |    10 |    68 |    68 ||   190
Block: Orb               |       |       |       |    16 ||    16
